 Dungeon Crawl Stone Soup version 0.31-a0-819-gf6de2f5ab6 (webtiles) character file.

Game seed: 10259281020442238387

537 qw the Shooter (level 7, -2/44 HPs)
             Began as a Gargoyle Hunter on Sept 23, 2023.
             Slain by an ogre
             ... wielding a +0 giant club
              (24 damage)
             ... on level 4 of the Dungeon.
             The game lasted 00:01:11 (2575 turns).

qw the Shooter (Gargoyle Hunter)                    Turns: 2575, Time: 00:01:11

Health: -2/44      AC:  8    Str: 15    XL:     7   Next: 25%
Magic:  7/7        EV: 12    Int:  9    God:
Gold:   155        SH:  0    Dex: 15    Spells: 6/6 levels left

rFire   . . .        Y - +0 shortbow
rCold   + . .        (shield currently unavailable)
rNeg    + . .        a - +2 robe {rC+}
rPois   inf          (no helmet)
rElec   +            (no cloak)
rCorr   .            (no gloves)
SInv    .            (no boots)
Will    .....        (no amulet)
Stlth   ++           (no ring)
HPRegen 0.27/turn    (no ring)
MPRegen 0.10/turn

%: no passive effects
@: no status effects
A: sickness immunity, AC +4, negative energy resistance 1, electricity
resistance, torment resistance 1, petrification resistance
a: no special abilities


You were on level 4 of the Dungeon.
You visited 1 branch of the dungeon, and saw 4 of its levels.

You collected 155 gold pieces.


Innate Abilities, Weirdness & Mutations

You are immune to sickness and miasma.
Your stone body is resilient. (AC +4)
You are immune to poison.
You resist negative energy. (rN+)
You are resistant to electric shocks. (rElec)
You are resistant to unholy torment.
You are immune to petrification.


   Skills:
 - Level 5.3 Fighting
 + Level 6.9 Ranged Weapons
 - Level 1.9 Armour
 - Level 1.5 Dodging
 - Level 1.1 Stealth


You had 6 spell levels left.
You didn't know any spells.
Your spell library was empty.

Inventory:

Hand Weapons
 Y - a +0 shortbow (weapon)
Armour
 a - a +2 robe of cold resistance (worn)
Jewellery
 f - an amulet of reflection
Scrolls
 e - a scroll of identify
Potions
 b - 2 potions of haste {unknown}
 c - a potion of cancellation {unknown}
 d - a potion of berserk rage {unknown}
 h - a potion of heal wounds {unknown}
 i - a potion of curing {unknown}
 j - a potion of might {unknown}

Dungeon Overview and Level Annotations

Branches:
Dungeon (4/15)
 Temple: D:4-7

Altars:
Qazlal

Annotations:
D:2 1 runed translucent door, Crazy Yiuf


Message History

The iguana bites you but does no damage.
The dart slug barely misses you.
You shoot an arrow. The arrow hits the iguana.
You kill the iguana!
You shoot an arrow. The arrow hits the dart slug!
You kill the dart slug!
You start resting.
HP restored.
An ogre comes into view. It is wielding a +0 giant club.
Found a smoky inky potion.
You shoot an arrow. The arrow hits the ogre.
The ogre shouts!
The ogre is lightly wounded.
You shoot an arrow. The arrow hits the ogre.
The ogre is moderately wounded.
You shoot an arrow. The arrow hits the ogre.
The ogre is moderately wounded.
You shoot an arrow.
The arrow hits the ogre but does no damage.
The ogre is moderately wounded.
You hear a shout!
You shoot an arrow. The arrow hits the ogre!
The ogre is severely wounded.
You shoot an arrow. The arrow barely misses the ogre.
The ogre hits you but does no damage.
You shoot an arrow. The arrow hits the ogre.
The ogre is almost dead.
The ogre barely misses you.
You shoot an arrow.
The arrow hits the ogre but does no damage.
The ogre is almost dead.
The ogre hits you with a +0 giant club!!
Ouch! That really hurt!
You shoot an arrow.
The arrow hits the ogre but does no damage.
The ogre is almost dead.
The ogre barely misses you.
The ogre hits you with a +0 giant club!!
Ouch! That really hurt!
You die...

#.. ##...... #.. .## ..#
#........##. !.. ..#
#........#.. ....
#.###........... .....##
#..#............
#...#.##.##...#.....###
#........##..##.....###
#....O.......#)......##
#...##@O#.##..>.......#
#......##.###..........
........##.. #..........
.....#.##...............
.#.#... ...............
# #.## .[...#..........
.. .....#.......... .
#.....##......... ..
.#....##....


You could see 2 ogres.

Vanquished Creatures
  Sigmund (D:2)
  A sky beast (D:3)
  An orc priest (D:4)
  3 hounds
  Jessica (D:2)
  An iguana (D:4)
  5 adders
  2 worms (D:3)
  A dart slug (D:4)
  3 orcs (D:4)
  6 endoplasms
  5 hobgoblins
  3 jackals (D:3)
  5 quokkas
  10 ball pythons
  8 bats
  4 frilled lizards
  6 goblins
  7 kobolds
  4 rats
77 creatures vanquished.

Notes
Turn   | Place    | Note
-------+----------+-------------------------------------------
     0 | D:1      | qw the Gargoyle Hunter began the quest for the Orb.
     0 | D:1      | Reached XP level 1. HP: 12/12 MP: 1/1
     0 | D:1      | 0 ||| qw: Version: 0.3-a-83-gcd0e7d8
     0 | D:1      | 0 ||| qw: Game counter: 1474
     0 | D:1      | 0 ||| qw: Melee chars always use a shield: true
     0 | D:1      | 0 ||| qw: God list: Okawaru
     0 | D:1      | 0 ||| qw: Allow faded altars: false
     0 | D:1      | 0 ||| qw: Do Orc after clearing Dungeon:15 true
     0 | D:1      | 0 ||| qw: Do second Lair branch before Depths: true
     0 | D:1      | 0 ||| qw: Lair rune preference: random
     0 | D:1      | 0 ||| qw: Goals: Normal
     0 | D:1      | 0 ||| PLANNING D:1-11
    47 | D:1      | Reached XP level 2. HP: 17/17 MP: 2/2
   302 | D:1      | Reached XP level 3. HP: 21/21 MP: 3/3
   430 | D:1      | Reached skill level 5 in Ranged Weapons
   463 | D:1      | 463 ||| UPGRADING to +0 ring mail.
   473 | D:1      | 473 ||| DROPPING +0 leather armour.
   474 | D:1      | 474 ||| READING scroll labelled COPOAPPESAP.
   475 | D:1      | 475 ||| READING 2 scrolls labelled BOPNIUSO DOYBAD.
   478 | D:1      | 478 ||| READING scroll labelled YMOARA REAT.
   479 | D:1      | 479 ||| DRINKING 2 blue potions.
   480 | D:1      | 480 ||| DROPPING scroll of butterflies.
   481 | D:1      | 481 ||| DROPPING potion of degeneration.
   535 | D:2      | Noticed Jessica
   541 | D:2      | Killed Jessica
   542 | D:2      | Reached skill level 1 in Armour
   553 | D:2      | Reached XP level 4. HP: 22/27 MP: 4/4
   641 | D:2      | Noticed Sigmund
   652 | D:2      | Killed Sigmund
   653 | D:2      | Reached XP level 5. HP: 20/35 MP: 5/5
   653 | D:2      | Reached XP level 6. HP: 23/40 MP: 6/6
  1360 | D:2      | Found a runed translucent door.
  1361 | D:2      | Noticed Crazy Yiuf
  1364 | D:2      | 1364 ||| UPGRADING to +2 robe of cold resistance.
  1374 | D:2      | 1374 ||| DROPPING +0 ring mail.
  1375 | D:2      | 1375 ||| READING 2 scrolls labelled JUR ROOREVIH.
  1376 | D:2      | 1376 ||| READING scroll labelled YDUESKA ALAK.
  1377 | D:2      | 1377 ||| DROPPING scroll of revelation.
  1517 | D:3      | Noticed a sky beast
  1531 | D:3      | Killed a sky beast
  1702 | D:3      | Reached skill level 6 in Ranged Weapons
  1737 | D:3      | Found a stormy altar of Qazlal.
  2030 | D:3      | Identified the +7 mace of Contention {elec, rC+ rN+ Str-4
                  | Int+4}
  2091 | D:3      | 2091 ||| READING 2 scrolls labelled KUENKE GAOPH.
  2092 | D:3      | 2092 ||| READING scroll labelled HAISCH MIOZ.
  2093 | D:3      | 2093 ||| READING scroll labelled PECAEL GOKH.
  2128 | D:4      | Reached XP level 7. HP: 37/44 MP: 7/7
  2322 | D:4      | HP: 11/44 [ogre/+0 giant spiked club (9)]
  2323 | D:4      | 2323 ||| READING scroll of teleportation.
  2575 | D:4      | Slain by an ogre

Levels and vault maps discovered:
D:1:      mrwooster_arrival_statue, layout_rooms
D:2:      layout_basic, uniq_crazy_yiuf_cottage, uniq_jessica, uniq_sigmund
D:3:      layout_basic, nicolae_qazlal_beasts_of_the_sky, roderic_lattice_a
D:4:      layout_cave_pools, minmay_temple_entry_statues

Skill      XL: |  1  2  3  4  5  6 |
---------------+-------------------+-----
Ranged Weapons | 5 6 |  6.9
Armour         | 1 |  1.9
Fighting       | 5 |  5.3
Dodging        | |  1.5
Stealth        | |  1.1

Action                     |  1- 3 |  4- 6 |  7- 9 || total
---------------------------+-------+-------+-------++-------
   Fire: Shortbow          |   109 |   133 |    63 ||   305
    Use: Scroll            |     3 |     5 |     1 ||     9
         Potion            |     1 |       |       ||     1
 Armour: Leather armour    |    32 |       |       ||    32
         Ring mail         |     8 |    24 |       ||    32
         Robe              |       |    36 |    27 ||    63
  Dodge: Dodged            |    59 |    43 |    21 ||   123

Table legend:
 A = Non-vault XP
 B = Vault XP
 C = Vault XP percentage of total XP
 D = Non-vault monster count
 E = Vault monster count
 F = Vault count percentage of total count
                 A         B        C        D         E       F
            +---------+---------+-------+---------+---------+-------
      Total |     386 |     382 |  49.7 |      74 |       3 |   3.9
            +---------+---------+-------+---------+---------+-------
        D:1 |      40 |       0 |   0.0 |      26 |       0 |   0.0
        D:2 |      60 |     260 |  81.2 |      22 |       2 |   8.3
        D:3 |      88 |     122 |  58.1 |      12 |       1 |   7.7
        D:4 |     198 |       0 |   0.0 |      14 |       0 |   0.0
            +---------+---------+-------+---------+---------+-------
